 Dungeon Crawl Stone Soup version 0.19.4 (webtiles) character file.

217 Chiseanne the Skirmisher (level 5, -9/41 HPs)
             Began as a Demonspawn Wanderer on Feb 4, 2017.
             Mangled by an iguana (12 damage)
             ... on level 4 of the Dungeon.
             The game lasted 00:10:57 (5390 turns).

Chiseanne the Skirmisher (Demonspawn Wanderer)      Turns: 5390, Time: 00:10:58

Health: -9/41      AC:  8    Str: 10    XL:     5   Next: 61%
Magic:  8/8        EV: 11    Int: 16    God:
Gold:   168        SH:  0    Dex: 17    Spells: 2 memorised, 5 levels left

rFire  . . .     SeeInvis .     a - +1 long sword
rCold  . . .     Gourm    .     u - +1 ring mail (curse)
rNeg   . . .     Faith    .     (no shield)
rPois  .         Spirit   .     (helmet restricted)
rElec  .         Reflect  .     (no cloak)
rCorr  .         Harm     .     (no gloves)
MR     .....                    (no boots)
Stlth  +.........               (no amulet)
                                r - ring of flight
                                i - +4 ring of dexterity

@: no status effects
A: antennae 2, thin metallic scales 1, demonic guardian 1
a: Evoke Flight


You were on level 4 of the Dungeon.
You were very hungry.

You visited 1 branch of the dungeon, and saw 4 of its levels.

You collected 168 gold pieces.

Inventory:

Hand Weapons
 a - a +1 long sword (weapon)
 w - a +0 blowgun
Missiles
 d - 21 bolts
 e - 184 stones (quivered)
 k - 32 sling bullets
 m - 33 arrows
 s - 26 poisoned needles
 t - 4 tomahawks
Armour
 u - a cursed +1 ring mail (worn)
Jewellery
 i - a +4 ring of dexterity (left hand)
 r - a ring of flight (right hand)
Scrolls
 g - 2 scrolls of immolation
 n - a scroll of remove curse
 v - 2 scrolls of amnesia
 y - 2 scrolls of enchant armour
Potions
 j - a potion of cure mutation
 l - a potion of cancellation {unknown}
 p - 2 potions of flight
 q - a potion of lignification {unknown}
 z - a potion of might {unknown}
 A - 2 potions of curing
 C - 2 potions of ambrosia
Books
 b - the Volume of Dark Rituals

   Spells                             Type                      Level
   a - Pain                           Necromancy                   1
   b - Regeneration                   Charms/Necromancy            3
 h - a book of Geomancy

   Spells                             Type                      Level
   a - Sandblast                      Earth                        1
   b - Passwall                       Transmutation/Earth          2
   c - Stone Arrow                    Conjuration/Earth            3
   d - Petrify                        Transmutation/Earth          4
   e - Lee's Rapid Deconstruction     Earth                        5
Comestibles
 c - a fruit
 f - 3 bread rations
 o - a beef jerky


   Skills:
 * Level 3.2 Fighting
 - Level 1.7 Long Blades
 - Level 1.0 Throwing
 * Level 1.2 Armour
 - Level 2.2 Dodging
   Level 1.0 Shields
 * Level 2.5 Spellcasting
   Level 1.0 Hexes
 * Level 2.9 Necromancy
   Level 1.0 Earth Magic


You had 5 spell levels left.
You knew the following spells:

 Your Spells              Type           Power        Failure   Level  Hunger
a - Pain                  Necr           ##..         17%         1    #......
b - Regeneration          Chrm/Necr      #.........   82%         3    ###....


Dungeon Overview and Level Annotations

Branches:
Dungeon (4/15)
 Temple: D:4-7

Altars:
Xom


Innate Abilities, Weirdness & Mutations

You have a pair of antennae on your head.
You are partially covered in thin metallic scales. (AC +2)
A weak demonic guardian rushes to your aid.


Message History

The iguana is heavily wounded.
The iguana bites you!
* * * LOW HITPOINT WARNING * * *
The iguana bites you.
* * * LOW HITPOINT WARNING * * *
You hit the iguana but do no damage.
The iguana is heavily wounded.
The iguana closely misses you.
You closely miss the iguana.
The iguana is heavily wounded.
The iguana barely misses you.
You closely miss the iguana.
The iguana is heavily wounded.
The iguana bites you but does no damage.
The iguana bites you.
* * * LOW HITPOINT WARNING * * *
You barely miss the iguana.
The iguana is heavily wounded.
The iguana bites you!
You die...

#..'............
#..#########+##{.
##..########..#
.. #
#.............#
..
#.............#
..
#.............#
..
############..#
.# ####..##?.#
+.....@l..#
#..$.....!#
###########


You could see an iguana.

Vanquished Creatures
  6 adders
  2 oozes (D:1)
  4 worms
  2 dart slugs
  10 orcs (D:3)
  6 giant cockroaches
  11 goblins
  13 hobgoblins
  9 jackals
  11 kobolds
  2 quokkas (D:2)
  12 bats
  7 frilled lizards
  8 rats
103 creatures vanquished.

Vanquished Creatures (collateral kills)
  An orc wizard (D:3)
1 creature vanquished.

Grand Total: 104 creatures vanquished

Notes
Turn   | Place    | Note
-------+----------+-------------------------------------------
     0 | D:1      | Chiseanne the Demonspawn Wanderer began the quest for the Orb.
     0 | D:1      | Chiseanne set off with: a book of Geomancy, the Volume of Dark Rituals, a +0 falchion, a +0 robe, a bread ration
     0 | D:1      | Reached XP level 1. HP: 16/16 MP: 2/2
     4 | D:1      | Identified the Volume of Dark Rituals
     6 | D:1      | Learned a level 1 spell: Pain
    98 | D:1      | Gained mutation: You have a pair of small antennae on your head. [demonic ancestry]
    98 | D:1      | Reached XP level 2. HP: 15/22 MP: 4/4
  1150 | D:1      | Reached skill level 1 in Necromancy
  1284 | D:1      | Gained mutation: You have a pair of antennae on your head. [demonic ancestry]
  1284 | D:1      | Reached XP level 3. HP: 22/28 MP: 0/5
  2037 | D:2      | Learned a level 3 spell: Regeneration
  2133 | D:2      | Gained mutation: A weak demonic guardian rushes to your aid. [demonic ancestry]
  2133 | D:2      | Reached XP level 4. HP: 15/34 MP: 6/6
  3986 | D:3      | Gained mutation: You are partially covered in thin metallic scales. (AC +2) [demonic ancestry]
  3986 | D:3      | Reached XP level 5. HP: 21/40 MP: 8/8
  4413 | D:3      | Reached skill level 3 in Fighting
  4413 | D:3      | Reached skill level 1 in Armour
  5252 | D:4      | Found a shimmering altar of Xom.
  5252 | D:4      | Found a faded altar of an unknown god.
  5257 | D:4      | Found a faded altar of an unknown god.
  5259 | D:4      | Found a faded altar of an unknown god.
  5260 | D:4      | Found a faded altar of an unknown god.
  5390 | D:4      | Mangled by an iguana

Skill      XL: |  1  2  3  4  5 |
---------------+----------------+-----
Necromancy     | 1 2 |  2.9
Dodging        | 2 |  2.2
Spellcasting   | 2 |  2.5
Fighting       | 3 |  3.2
Armour         | 1 |  1.2
Long Blades    | |  1.7
Throwing       | |  1.0
Shields        | |  1.0
Hexes          | |  1.0
Earth Magic    | |  1.0

Action                   |  1- 3 |  4- 6 || total
-------------------------+-------+-------++-------
Melee: Falchion          |   120 |       ||   120
       Long sword        |    23 |   186 ||   209
 Cast: Pain              |     6 |       ||     6
 Abil: Evoke Flight      |     2 |       ||     2
  Use: Scroll            |     5 |    10 ||    15
 Stab: Sleeping          |     3 |       ||     3
  Eat: Chunk             |     5 |     9 ||    14
Armor: Robe              |    23 |       ||    23
       Leather armour    |    13 |    23 ||    36
       Ring mail         |       |    65 ||    65
Dodge: Dodged            |   107 |   131 ||   238
       Rpst.: Falchion   |    27 |       ||    27
       Long sword        |     2 |    40 ||    42
